 Dungeon Crawl Stone Soup version 0.17-a0-1763-g847a857 (webtiles) character file.

50 George the Slasher (level 3, -6/30 HPs)
             Began as a Minotaur Gladiator on Sept 4, 2015.
             Mangled by a worm (9 damage)
             ... on level 1 of the Dungeon.
             The game lasted 00:01:30 (902 turns).

George the Slasher (Minotaur Gladiator)              Turns: 902, Time: 00:01:30

Health: -6/30      AC:  3    Str: 19    XL:     3   Next: 55%
Magic:  2/2        EV: 12    Int:  5    God:
Gold:   17         SH:  0    Dex: 11    Spells: 0 memorised, 2 levels left

rFire  . . .     SeeInvis .     a - +0 long sword
rCold  . . .     Clarity  .     b - +0 leather armour
rNeg   . . .     SustAt   .     (no shield)
rPois  .         Gourm    .     c - +0 hat
rElec  .         Spirit   .     (no cloak)
rCorr  .         Warding  .     (no gloves)
rMut   .         Stasis   .     (no boots)
MR     .....                    (no amulet)
Stlth  +.........               (no ring)
                                (no ring)

@: not resistant to hostile enchantments, very unstealthy
A: retaliatory headbutt, horns 2
a: no special abilities


You were on level 1 of the Dungeon.
You were not hungry.

You visited 1 branch of the dungeon, and saw 2 of its levels.

You collected 17 gold pieces.

Inventory:

Hand weapons
 a - a +0 long sword (weapon)
Missiles
 d - 3 throwing nets
 i - 2 tomahawks (quivered)
Armour
 b - a +0 leather armour (worn)
 c - a +0 hat (worn)
Scrolls
 f - 3 scrolls of remove curse {unknown}
 j - a scroll of random uselessness {unknown}
 k - a scroll of fear {unknown}
Potions
 g - 2 potions of haste {unknown}
 h - a potion of flight {unknown}
Comestibles
 e - a bread ration


   Skills:
 - Level 2.4 Fighting
 + Level 5.5 Long Blades
 - Level 2.0 Throwing
 - Level 3.2 Dodging


You had 2 spell levels left.
You didn't know any spells.

Dungeon Overview and Level Annotations

Branches:
Dungeon (2/15)

Altars:


Innate Abilities, Weirdness & Mutations

You reflexively headbutt those who attack you in melee.
You have a pair of horns on your head.


Message History

No target in view!
You climb downwards.
A rat comes into view.
The hobgoblin barely misses you. You furiously retaliate!
You headbutt the hobgoblin. The hobgoblin closely misses you.
The kobold closely misses you.
There is a stone staircase leading up here.
The worm bites you!
You climb upwards.
There is a stone staircase leading down here.
You barely miss the worm. The hobgoblin hits you with a club.
The kobold hits you with a club.
You hit the worm. You headbutt the worm.
The worm is lightly wounded.
The kobold hits you with a club. The hobgoblin misses you. The worm bites you!
* * * LOW HITPOINT WARNING * * *
You slash the hobgoblin!
You kill the hobgoblin!
The kobold barely misses you. The worm bites you!
You die...

#...........# #
#.#####.#.### # #.#
##.###.# # #.# #.## ###
##### #.#
##.#########...)
######.####.##.....##...#
#...........##.....##.≈.#
#.####.K)##.##.....##.≈.#
#.# ###@##.##.....'..≈.#
#.#### #w#####.....##.≈.#
#....# #.#..##.....##...#
####.# #.#.###..<..##...#
#.# #.#.###.....##.8.#
#.# #....#########...#
#.###....##### #####
#............# #....
#..##.....##.# #.###


You could see a worm and a kobold.

Vanquished Creatures
  An adder (D:1)
  An ooze (D:1)
  A worm (D:1)
  4 bats (D:1)
  3 giant cockroaches (D:1)
  5 hobgoblins (D:1)
  2 jackals (D:1)
  3 giant newts (D:1)
  5 goblins (D:1)
  2 kobolds (D:1)
  3 rats (D:1)
30 creatures vanquished.

Notes
Turn   | Place    | Note
--------------------------------------------------------------
     0 | D:1      | George the Minotaur Gladiator began the quest for the Orb.
     0 | D:1      | Reached XP level 1. HP: 18/18 MP: 0/0
    45 | D:1      | Reached skill level 4 in Long Blades
   293 | D:1      | Reached XP level 2. HP: 25/25 MP: 1/1
   438 | D:1      | Reached skill level 5 in Long Blades
   478 | D:1      | Reached XP level 3. HP: 25/30 MP: 2/2
   902 | D:1      | Mangled by a worm

Vault maps used:
D:1:      dpeg_arrival_rooms_c, st_stairs_5, hangedman_decor_push
D:2:      serial_forest, infiniplex_forest_clump_curved,
          infiniplex_forest_clump_small, infiniplex_forest_lined_3,
          infiniplex_forest_end_3, infiniplex_forest_3_way,
          infiniplex_forest_end_1, infiniplex_forest_corner_2,
          infiniplex_forest_end_2, infiniplex_forest_straight_4, first_bread,
          minmay_misc_feat_enclosed

Action                   || total
-------------------------++-------
Melee: Long sword        ||    67
